 Dungeon Crawl Stone Soup version 0.29.1-15-g9cfb28693d (webtiles) character file.

Game seed: 1486163054409602136

119 javelincjr the Caller (level 5, -2/37 HPs)
             Began as a Gnoll Summoner on Apr 11, 2023.
             Slain by a kobold brigand
             ... wielding a +0 dagger
              (5 damage)
             ... in a sewer.
             The game lasted 00:10:19 (3222 turns).

javelincjr the Caller (Gnoll Summoner)              Turns: 3222, Time: 00:10:20

Health: -2/37      AC:  2    Str: 10    XL:     5   Next: 3%
Magic:  1/12       EV: 13    Int: 14    God:
Gold:   94         SH:  0    Dex: 12    Spells: 7/14 levels left

rFire   . . .      SeeInvis +   c - +0 trident
rCold   . . .      Faith    .   (no shield)
rNeg    . . .      Spirit   .   a - +0 robe
rPois   .          Reflect  .   (no helmet)
rElec   .          Harm     .   (no cloak)
rCorr   .          Rampage  .   (no gloves)
Will    .....                   (no boots)
Stlth   +++.......              (no amulet)
HPRegen 0.12/turn               d - ring of see invisible
MPRegen 0.13/turn               (no ring)

@: very slightly contaminated
A: fangs 1, strong nose, distributed training
a: no special abilities


You were in a sewer.
You visited 1 branch of the dungeon, and saw 3 of its levels.
You also visited: Sewer.

You collected 94 gold pieces.

Inventory:

Hand Weapons
 c - a +0 trident (weapon)
Armour
 a - a +0 robe (worn)
Jewellery
 d - a ring of see invisible (left hand)
Potions
 b - a potion of magic
 e - a potion of berserk rage {unknown}
 f - a potion of brilliance {unknown}
 g - a potion of invisibility {unknown}
 h - 2 potions of resistance {unknown}
 i - a potion of haste {unknown}
 j - a potion of flight {unknown}
 k - a potion of heal wounds {unknown}


   Skills:
 + Level 1.4 Fighting
 + Level 1.4 Short Blades
 + Level 1.4 Long Blades
 + Level 1.4 Axes
 + Level 1.4 Maces & Flails
 + Level 1.4 Polearms
 + Level 1.4 Staves
 + Level 1.4 Ranged Weapons
 + Level 1.4 Throwing
 + Level 1.4 Armour
 + Level 4.7 Dodging
 + Level 4.3 Stealth
 + Level 1.4 Shields
 + Level 1.4 Unarmed Combat
 + Level 5.1 Spellcasting
 + Level 1.1 Conjurations
 + Level 1.1 Hexes
 + Level 7.2 Summonings
 + Level 1.1 Necromancy
 + Level 1.1 Translocations
 + Level 1.1 Transmutations
 + Level 1.1 Fire Magic
 + Level 1.1 Ice Magic
 + Level 1.1 Air Magic
 + Level 1.1 Earth Magic
 + Level 1.1 Poison Magic
 + Level 1.5 Invocations
 + Level 1.4 Evocations


You had 7 spell levels left.
You knew the following spells:

 Your Spells              Type           Power      Damage    Failure   Level
a - Summon Small Mammal   Summ           92%        N/A       1%          1
b - Foxfire               Conj/Fire      24%        2x1d5     11%         1
c - Call Imp              Summ           23%        N/A       1%          2
d - Call Canine Familiar  Summ           23%        N/A       2%          3

Your spell library contained the following spells:

 Spells                   Type           Power      Damage    Failure   Level
 Summon Guardian Golem    Hex/Summ       15%        N/A       10%         3
 Summon Lightning Spire   Summ/Air       15%        N/A       30%         4
 Conjure Flame            Conj/Fire      6%         6-21      32%         3
 Inner Flame              Hex/Fire       6%         N/A       32%         3
 Flame Wave               Conj/Fire      6%         2d5       71%         4


Dungeon Overview and Level Annotations

Branches:
Dungeon (3/15)              Sewer (1/1)

Altars:
Ru


Innate Abilities, Weirdness & Mutations

You have very sharp teeth.
Your uncanny sense of smell can sniff out nearby items.
Your experience applies equally to all skills.


Message History

The poisoned dart barely misses your quokka.
The poisoned dart hits you!
You are poisoned.
Casting: Summon Small Mammal (safe; 1% risk of failure)
Confirm with . or Enter, or press ? or * to list all spells.
You feel sick.
Your quokka bites the kobold brigand.
The kobold brigand hits your quokka with a +0 dagger.
You feel sick.
Your quokka misses the kobold brigand.
The kobold brigand hits your quokka with a +0 short sword.
Your quokka dies!
Your quokka's corpse disappears in a puff of smoke!
You feel sick.
The kobold brigand throws a poisoned dart.
The poisoned dart closely misses you.
Casting: Summon Small Mammal (safe; 1% risk of failure)
Confirm with . or Enter, or press ? or * to list all spells.
You conjure some foxfire!
You feel sick.
Your rat bites the kobold brigand.
Casting: Foxfire (safe; 11% risk of failure)
Confirm with . or Enter, or press ? or * to list all spells.
You miscast Foxfire.
You are very lightly contaminated with residual magic.
Nothing appears to happen.
You feel sick.
The foxfire hits the kobold brigand.
The kobold brigand is heavily wounded.
Your rat misses the kobold brigand.
Casting: Foxfire (safe; 11% risk of failure)
Confirm with . or Enter, or press ? or * to list all spells.
You conjure some foxfire!
You feel sick.
The kobold brigand hits you with a +0 dagger!
* * * LOW HITPOINT WARNING * * *
Your rat bites the kobold brigand.
You barely miss the kobold brigand.
The kobold brigand is heavily wounded.
You feel sick.
You are no longer poisoned.
The foxfire hits the kobold brigand.
The kobold brigand is heavily wounded.
The foxfire hits the kobold brigand but does no damage.
The kobold brigand is heavily wounded.
The kobold brigand hits you with a +0 dagger.
You die...

####~#~#######~##############
~~~~~~~~~~~~~~~~~~~~~~#
≈≈~≈≈≈≈≈~≈≈≈≈≈~≈≈≈≈≈~≈#
~~~~~~~~~~~~~~~~~~~~~
#####~~~~##########~######
.~~~~P~~~~~~P...P~P~#??..#
.~~P~~~~~P~~~...~~~~').∩!#
..P..P~~~....P..~.P~'?...#
.............@KK....#....#
.......†....##.r....######
.......#...##########
..†....#...# .####..##### ###


You could see 2 kobold brigands and a friendly rat (summoned).

Vanquished Creatures
  2 gnolls (D:2)
  2 adders (D:3)
  A dart slug (D:3)
  5 ball pythons
  5 bats
  An endoplasm (Sewer)
  4 giant cockroaches
  A goblin (D:1)
  A hobgoblin (D:3)
  3 jackals (D:1)
  8 kobolds
  A quokka (D:1)
  A frilled lizard (D:3)
  A rat (D:1)
36 creatures vanquished.

Vanquished Creatures (collateral kills)
  A gnoll (D:2)
  An adder (D:3)
  A river rat (D:3)
  A dart slug (D:1)
  An endoplasm (D:1)
  2 giant cockroaches (D:3)
  A jackal (D:1)
  A kobold (Sewer)
  A quokka (D:3)
  2 ball pythons
  3 rats
  7 foxfires (Sewer)
22 creatures vanquished.

Vanquished Creatures (others)
  98 foxfires
  A plant (Sewer)
99 creatures vanquished.

Grand Total: 157 creatures vanquished

Notes
Turn   | Place    | Note
-------+----------+-------------------------------------------
     0 | D:1      | javelincjr the Gnoll Summoner began the quest for the Orb.
     0 | D:1      | Reached XP level 1. HP: 13/13 MP: 6/6
   142 | D:1      | Reached XP level 2. HP: 15/20 MP: 5/7
  1363 | D:2      | Learned a level 1 spell: Foxfire
  1368 | D:2      | Reached skill level 5 in Spellcasting
  1368 | D:2      | Reached XP level 3. HP: 25/25 MP: 2/9
  1374 | D:2      | Reached skill level 1 in Invocations
  1404 | D:2      | Reached skill level 1 in Fighting
  1404 | D:2      | Reached skill level 1 in Short Blades
  1404 | D:2      | Reached skill level 1 in Long Blades
  1404 | D:2      | Reached skill level 1 in Axes
  1404 | D:2      | Reached skill level 1 in Maces & Flails
  1404 | D:2      | Reached skill level 1 in Polearms
  1404 | D:2      | Reached skill level 1 in Staves
  1404 | D:2      | Reached skill level 1 in Ranged Weapons
  1404 | D:2      | Reached skill level 1 in Throwing
  1404 | D:2      | Reached skill level 1 in Armour
  1404 | D:2      | Reached skill level 1 in Shields
  1404 | D:2      | Reached skill level 1 in Unarmed Combat
  1404 | D:2      | Reached skill level 1 in Evocations
  2016 | D:2      | Found a sacrificial altar of Ru.
  2217 | D:2      | Found a faded altar of an unknown god.
  2302 | D:3      | Reached XP level 4. HP: 31/32 MP: 7/11
  2516 | D:3      | Reached skill level 1 in Conjurations
  2516 | D:3      | Reached skill level 1 in Hexes
  2516 | D:3      | Reached skill level 1 in Necromancy
  2516 | D:3      | Reached skill level 1 in Translocations
  2516 | D:3      | Reached skill level 1 in Transmutations
  2516 | D:3      | Reached skill level 1 in Fire Magic
  2516 | D:3      | Reached skill level 1 in Ice Magic
  2516 | D:3      | Reached skill level 1 in Air Magic
  2516 | D:3      | Reached skill level 1 in Earth Magic
  2516 | D:3      | Reached skill level 1 in Poison Magic
  2619 | D:3      | Found a glowing drain.
  2679 | Sewer    | Entered a sewer
  2863 | Sewer    | Learned a level 2 spell: Call Imp
  2867 | Sewer    | Learned a level 3 spell: Call Canine Familiar
  3077 | Sewer    | Reached XP level 5. HP: 37/37 MP: 7/12
  3199 | Sewer    | Noticed a kobold brigand
  3199 | Sewer    | Noticed a kobold brigand
  3222 | Sewer    | Slain by a kobold brigand

Illustrated notes

Levels and vault maps discovered:
D:1:      lemuel_arrival_hallway, layout_basic, corexii_leaking_fountain,
          grunt_decor_resistance, minmay_pentomino_v4
D:2:      layout_basic, hellmonk_ecumenical_altar_run_dry, basic_altar
D:3:      layout_basic, nicolae_overflow_crystal_walls, gup_sewer_entry_spiral
Sewer:    kennysheep_pipe_town

Skill      XL: |  1  2  3  4 |
---------------+-------------+-----
Spellcasting   | 5 |  5.1
Invocations    | 1 |  1.5
Fighting       | 1 |  1.4
Short Blades   | 1 |  1.4
Long Blades    | 1 |  1.4
Axes           | 1 |  1.4
Maces & Flails | 1 |  1.4
Polearms       | 1 |  1.4
Staves         | 1 |  1.4
Ranged Weapons | 1 |  1.4
Throwing       | 1 |  1.4
Armour         | 1 |  1.4
Shields        | 1 |  1.4
Unarmed Combat | 1 |  1.4
Evocations     | 1 |  1.4
Conjurations   | 1 |  1.1
Hexes          | 1 |  1.1
Necromancy     | 1 |  1.1
Translocations | 1 |  1.1
Transmutations | 1 |  1.1
Fire Magic     | 1 |  1.1
Ice Magic      | 1 |  1.1
Air Magic      | 1 |  1.1
Earth Magic    | 1 |  1.1
Poison Magic   | 1 |  1.1
Dodging        | |  4.7
Stealth        | |  4.3
Summonings     | |  7.2

Action                   |  1- 3 |  4- 6 || total
-------------------------+-------+-------++-------
Melee: Trident           |    38 |    36 ||    74
       Bite              |     3 |     4 ||     7
 Cast: Summon Small Mamm |    17 |    18 ||    35
       Foxfire           |    15 |    44 ||    59
  Use: Scroll            |       |     3 ||     3
 Stab: Sleeping          |     1 |     1 ||     2
Armor: Robe              |     6 |     8 ||    14
Dodge: Dodged            |    36 |    43 ||    79
